 Dungeon Crawl Stone Soup version 0.30-a0-622-gddc90eaa04 (console) character file.

Game seed: 2545690218072861062

207532 jejorda2 the Phalangite (level 18, 0/226 HPs)
             Began as a Merfolk Berserker on Jan 10, 2023.
             Was the Champion of Trog.
             Hit by a boomerang thrown by a merfolk (5 damage)
             ... on level 4 of the Shoals on Jan 11, 2023.
             The game lasted 01:40:39 (34059 turns).

jejorda2 the Phalangite (Merfolk Berserker)        Turns: 34059, Time: 01:40:40

Health: 0/226      AC: 33    Str: 25    XL:     18   Next: 75%
Magic:  18/18      EV: 14    Int:  7    God:    Trog [******]
Gold:   3373       SH:  0    Dex: 16    Spells: 17/17 levels left

rFire   + . .      SeeInvis +    a - +9 bardiche (heavy)
rCold   + . .      Faith    +    (shield currently unavailable)
rNeg    . . .      Spirit   .    Z - +2 plate armour {rC+}
rPois   +          Reflect  .    J - +0 helmet of the Noxious God {rF+ Slay+3}
rElec   .          Harm     .    U - +2 cloak
rCorr   .          Rampage  .    i - +2 pair of gloves {Dex+3}
Will    +....                    S - +2 pair of boots "Nusm" {SInv Stlth+} Stlth
                                 A - amulet of faith
HPRegen 0.57/turn                x - +4 ring of protection
MPRegen 0.16/turn                z - ring of poison resistance

@: berserking, studying Dodging, very quick
A: (nimble swimmer 2), mertail
}: 1/15 runes: gossamer
a: Renounce Religion, Berserk, Trog's Hand, Brothers in Arms


You were on level 4 of the Shoals.
You worshipped Trog.
Trog was exalted by your worship.
You visited 5 branches of the dungeon, and saw 30 of its levels.
You also visited: Sewer and Ice Cave.

You collected 3982 gold pieces.
You spent 609 gold pieces at shops.

Inventory:

Hand Weapons
 a - a +9 heavy bardiche (weapon)
 b - a +5 glaive of flaming
 w - a +9 antimagic bardiche
Missiles
 c - 269 stones
 d - 53 poisoned darts
 u - 5 curare-tipped darts
 C - 20 boomerangs (quivered)
 G - 8 javelins
 H - 6 datura-tipped darts
 O - 23 atropa-tipped darts
 Q - 5 throwing nets
Armour
 i - a +2 pair of gloves of dexterity (worn)
 J - the +0 helmet of the Noxious God (worn) {rF+ Slay+3}
   (You bought it in a shop on level 2 of the Orcish Mines)

   Slay:      It affects your accuracy & damage with ranged weapons and melee
   (+3).
   rF:        It protects you from fire.
 S - the +2 pair of boots "Nusm" (worn) {SInv Stlth+}
   (You found it on level 2 of the Lair of Beasts)

   SInv:      It lets you see invisible.
   Stlth:     It makes you more stealthy.
 U - a +2 cloak (worn)
 Z - a +2 plate armour of cold resistance (worn)
Jewellery
 m - the ring "Eqegeckosu" {rElec rN+ Int+4 Dex+4}
   (You found it in an ice cave)

   [ring of positive energy]

   Int:       It affects your intelligence (+4).
   Dex:       It affects your dexterity (+4).
   rElec:     It insulates you from electricity.
   rN:        It protects you from negative energy.
 x - a +4 ring of protection (left hand)
 z - a ring of poison resistance (right hand)
 A - an amulet of faith (around neck)
 L - a ring of resist corrosion
Wands
 l - a wand of roots (12)
 q - a wand of charming (51)
 B - a wand of polymorph (32)
 I - a wand of flame (43)
 P - a wand of mindburst (29)
 V - a wand of digging (10)
 X - a wand of quicksilver (17)
Scrolls
 k - 10 scrolls of teleportation
 s - 3 scrolls of poison
 t - 8 scrolls of fog
 v - 6 scrolls of magic mapping
 E - a scroll of silence
 K - 2 scrolls of blinking
 T - a scroll of summoning
Potions
 e - 8 potions of flight
 f - 10 potions of haste
 g - 3 potions of might
 h - 5 potions of ambrosia
 j - 12 potions of curing
 p - 4 potions of invisibility
 r - 2 potions of cancellation
 D - a potion of resistance
 F - 12 potions of heal wounds
 N - 6 potions of mutation
 R - 2 potions of attraction
Miscellaneous
 o - a lightning rod (4/4)
 M - a tin of tremorstones (2/2)
 W - a condenser vane


   Skills:
 - Level 16.0 Fighting
 - Level 24.0 Polearms
 - Level 16.0 Throwing
 + Level 11.1 Armour
 - Level 16.0 Dodging
 - Level 3.0 Stealth
 - Level 6.0 Evocations


You had 17 spell levels left.
You didn't know any spells.
Your spell library was empty.

Dungeon Overview and Level Annotations

Branches:
Dungeon (15/15)            Temple (0/1) D:6            Lair (5/5) D:10
 Shoals (4/4) Lair:3       Spider (4/4) Lair:3        Slime (0/5) Lair:5
    Orc (2/2) D:12            Elf (0/3) Orc:2        Vaults (0/5) D:14
 Depths (0/4) D:15          Sewer (visited)           IceCv (visited)

Altars:
Cheibriados
Makhleb
Okawaru
Qazlal
Sif Muna
Vehumet
Jiyva

Shops:
D:7 (   Orc:1 :   Orc:2 (*[:

Portals:
Hell: Lair:5


Innate Abilities, Weirdness & Mutations

((You are very nimble when in or above water. (Stealth+, EV+, Speed+++)))
Your lower body shifts to a powerful aquatic tail in water.


Message History

* * * LOW HITPOINT WARNING * * *
x2 The merfolk hits you from afar with a +1 trident of freezing!
* * * LOW HITPOINT WARNING * * *
The merfolk freezes you.
* * * LOW HITPOINT WARNING * * *
The snapping turtle bites you but does no damage.
Reach: a) +9 bardiche (heavy)
Press: ? - help, Dir - move target, f/p - snapping turtle
Aim: a snapping turtle (heavily wounded, about 13% to evade your +9 heavy bardiche)
You reach to attack!
You barely miss the snapping turtle.
The snapping turtle is heavily wounded.
The snapping turtle bites you from afar!
* * * LOW HITPOINT WARNING * * *
The merfolk barely misses you.
The merfolk hits you but does no damage.
The snapping turtle closely misses you.
Reach: a) +9 bardiche (heavy)
Press: ? - help, Dir - move target, f/p - snapping turtle
Aim: a snapping turtle (heavily wounded, about 13% to evade your +9 heavy bardiche)
You reach to attack!
You completely miss the snapping turtle.
The snapping turtle is heavily wounded.
Reach: a) +9 bardiche (heavy)
Press: ? - help, Dir - move target, f/p - snapping turtle
Aim: a snapping turtle (heavily wounded, about 13% to evade your +9 heavy bardiche)
You reach to attack!
You hit the snapping turtle.
The snapping turtle is severely wounded.
The snapping turtle bites you but does no damage.
The merfolk throws a silver boomerang.
The silver boomerang barely misses you.
The merfolk throws a boomerang.
The boomerang hits you but does no damage.
The snapping turtle closely misses you.
Reach: a) +9 bardiche (heavy)
Press: ? - help, Dir - move target, f/p - snapping turtle
Aim: a snapping turtle (severely wounded, about 13% to evade your +9 heavy bardiche)
You reach to attack!
You slice the snapping turtle!!
You kill the snapping turtle!
Trog accepts your kill.
The merfolk throws a boomerang.
The boomerang hits you.
You die...

)...............P#
............#PPPP#
..).........#....#P
~~~....)...........
~~~......[m.##.....
~~~....<..).....)..
~~~.....mmmt.P.....
~~~......))........
~~........@.PPP#...
~.......?)..P..# PP
..............##
....≈~~.........
....~≈≈≈~.........
..~≈≈≈.........
...≈≈..........
....~..........


You could see a merfolk javelineer, a snapping turtle and 3 merfolk.

Vanquished Creatures
  Kirke (D:15)
  Gastronok (Lair:1)
  3 ghost moths
  6 emperor scorpions (Spider:4)
  An orc warlord (Orc:2)
  2 broodmothers
  A caustic shrike skeleton (D:15)
  A spark wasp (Spider:1)
  3 merfolk javelineers
  2 spectral krakens (Shoals:1)
  2 entropy weavers (Spider:3)
  Josephine (D:12)
  4 merfolk impalers
  The ghost of bronco the Marksminotaur, a journeyman MiHu of Hepliaklqana (D:9)
  Harold (D:9)
  Erolcha (D:10)
  2 vault guards (D:14)
  6 hydras
  The ghost of porpoise the Cleaver, a journeyman BaGl of Uskayaw (D:11)
  A catoblepas (D:13)
  2 ghost crabs (Shoals:1)
  7 boulder beetles
  A hell beast (Lair:5)
  7 merfolk avatars
  2 alligator snapping turtles
  2 radroaches
  4 centaur warriors
  2 merfolk aquamancers (Shoals:2)
  A vampire mage (D:15)
  8 two-headed ogres
  2 orc high priests
  Sonja (D:10)
  6 pharaoh ants
  2 skeletal warriors (D:15)
  7 sea snakes
  9 orb spiders
  3 wizards
  7 orc knights
  16 harpies
  A golden dragon skeleton (D:15)
  2 deep elf zephyrmancers
  5 necromancers
  5 steelbarb worms
  4 orc sorcerers
  7 manticores
  6 deep elf pyromancers
  22 ugly things
  15 wolf spiders
  7 cyclopes
  3 elephants (Lair:4)
  3 moths of wrath
  5 black mambas
  3 spectral merfolk (Shoals:1)
  19 fauns
  2 smoke demons
  An ice statue (IceCv)
  10 torpor snails
  4 water nymphs
  7 merfolk sirens
  17 cane toads
  5 demonic crawlers
  Psyche (D:12)
  3 orange demons (D:12)
  A spriggan zombie (D:15)
  An efreet (D:15)
  9 komodo dragons
  A komodo dragon (shapeshifter) (D:14)
  A freezing wraith (IceCv)
  Maggie (D:6)
  An unseen horror (D:12)
  7 rime drakes
  18 ice devils
  17 merfolk
  A tengu conjurer (D:11)
  An anaconda simulacrum (IceCv)
  A red devil (Lair:5)
  6 meliai
  A spectral harpy (Shoals:1)
  5 wind drakes
  7 trolls
  Grinder (D:4)
  A hornet (D:7)
  9 polar bears
  21 tarantellas
  12 blink frogs
  10 snapping turtles
  10 dream sheep
  11 slime creatures
  A spectral manticore (Shoals:1)
  23 jumping spiders
  2 dire elephant simulacra (IceCv)
  2 water elementals
  2 shadows
  A wyvern (D:7)
  19 culicivoras
  2 vampires
  7 basilisks
  6 wraiths (D:12)
  88 yaks
  20 humans (D:14)
  4 steam dragons
  A chaos spawn (D:12)
  45 redbacks
  Menkaure (D:6)
  4 death yak simulacra (IceCv)
  2 harpy simulacra (IceCv)
  4 wargs (Orc:2)
  A glowing shapeshifter skeleton (D:15)
  4 hydra simulacra (IceCv)
  18 water moccasins
  3 hell hounds (Lair:5)
  35 orc warriors
  8 ice beasts
  A sky beast (D:8)
  2 black bears
  3 ogres
  5 centaurs
  7 wolves
  7 kobold brigands
  4 bullfrogs
  A necrophage (D:7)
  A scorpion (D:6)
  2 cane toad simulacra (IceCv)
  3 two-headed ogre simulacra (IceCv)
  4 wights (D:7)
  A hornet simulacrum (D:9)
  14 killer bees
  3 elephant simulacra (IceCv)
  3 howler monkeys
  2 quasits (D:12)
  A hound (D:6)
  15 orc priests
  A jelly (D:6)
  Jessica (D:3)
  4 iguanas
  27 orc wizards
  5 polar bear simulacra (IceCv)
  4 hell rats (Lair:5)
  A spriggan simulacrum (IceCv)
  6 wolf simulacra (IceCv)
  23 adders
  A naga simulacrum (IceCv)
  A river rat (D:3)
  A shadow imp (D:8)
  19 white imps
  6 worms
  A dart slug (D:5)
  55 orcs
  11 ball pythons
  8 endoplasms
  7 giant cockroaches
  11 goblins
  6 hobgoblins
  14 jackals
  2 quokkas (D:3)
  6 bats
  3 frilled lizards
  34 kobolds
  9 rats
  4 tentacles (Shoals:1)
1094 creatures vanquished.

Vanquished Creatures (collateral kills)
  A faun (Shoals:2)
  A manticore (Shoals:2)
  A spectral merfolk (Shoals:1)
  A merfolk (Shoals:2)
4 creatures vanquished.

Vanquished Creatures (others)
  3 humans (D:15)
  An orc (D:10)
  29 fungi
  75 plants
  7 tentacles (Shoals:1)
  20 withered plants
135 creatures vanquished.

Grand Total: 1233 creatures vanquished

Notes
Turn   | Place    | Note
-------+----------+-------------------------------------------
     0 | D:1      | jejorda2 the Merfolk Berserker began the quest for the Orb.
     0 | D:1      | Reached XP level 1. HP: 18/18 MP: 1/1
    93 | D:1      | Reached XP level 2. HP: 22/24 MP: 2/2
   186 | D:1      | Found a faded altar of an unknown god.
   363 | D:1      | Reached XP level 3. HP: 27/29 MP: 3/3
   447 | D:2      | Reached skill level 5 in Polearms
   544 | D:2      | Reached ** piety under Trog
   805 | D:2      | Reached XP level 4. HP: 37/37 MP: 4/4
  1175 | D:3      | Reached XP level 5. HP: 33/42 MP: 5/5
  1178 | D:3      | Reached skill level 6 in Polearms
  1189 | D:3      | Found a glowing drain.
  1211 | Sewer    | Entered a sewer
  1275 | Sewer    | Noticed a kobold brigand
  1276 | Sewer    | Noticed a kobold brigand
  1299 | Sewer    | Killed a kobold brigand
  1310 | Sewer    | Killed a kobold brigand
  1311 | Sewer    | Reached skill level 7 in Polearms
  1311 | Sewer    | Reached XP level 6. HP: 43/49 MP: 6/6
  1392 | Sewer    | Reached *** piety under Trog
  1564 | Sewer    | Reached skill level 5 in Dodging
  1765 | Sewer    | Reached skill level 5 in Fighting
  1765 | Sewer    | Reached XP level 7. HP: 48/56 MP: 7/7
  1844 | D:3      | Noticed Jessica
  2160 | D:3      | Killed Jessica
  2227 | D:3      | Reached skill level 8 in Polearms
  2395 | D:3      | Identified the +2 ring mail "Emoh" {Contam rF++ MP+9}
  3134 | D:4      | Noticed Grinder
  3154 | D:4      | Killed Grinder
  3456 | D:4      | Reached skill level 9 in Polearms
  3739 | D:4      | Reached **** piety under Trog
  4006 | D:4      | Reached XP level 8. HP: 63/64 MP: 8/8
  4019 | D:5      | Entered Level 5 of the Dungeon
  4071 | D:5      | Reached skill level 1 in Throwing
  4831 | D:6      | Noticed Maggie
  4839 | D:6      | Reached skill level 10 in Polearms
  4850 | D:6      | Killed Maggie
  5056 | D:6      | Found a staircase to the Ecumenical Temple.
  5233 | D:6      | Reached skill level 11 in Polearms
  5233 | D:6      | Reached XP level 9. HP: 69/69 MP: 9/9
  5620 | D:6      | Noticed Menkaure
  5628 | D:6      | Killed Menkaure
  5780 | D:7      | Noticed a hornet
  5789 | D:7      | Paralysed by a hornet for 2 turns
  5797 | D:7      | Paralysed by a hornet for 1 turns
  5800 | D:7      | Killed a hornet
  6011 | D:7      | Found Qoatzosk's Weapon Emporium.
  6021 | D:7      | Bought a +1 bardiche of protection for 267 gold pieces
  6046 | D:7      | Reached skill level 12 in Polearms
  6051 | D:7      | Identified the +4 ring mail of Light {rN+ Stlth+}
  6451 | D:7      | Found an iron altar of Okawaru.
  6789 | D:8      | Reached skill level 5 in Throwing
  6795 | D:8      | Reached skill level 13 in Polearms
  6800 | D:8      | Reached XP level 10. HP: 76/76 MP: 10/10
  7424 | D:9      | Reached skill level 14 in Polearms
  7509 | D:9      | Noticed Harold
  7536 | D:9      | Killed Harold
  7537 | D:9      | Reached skill level 5 in Armour
  7936 | D:9      | Reached skill level 15 in Polearms
  7984 | D:9      | Reached XP level 11. HP: 74/81 MP: 11/11
  8205 | D:9      | Reached skill level 16 in Polearms
  8253 | D:9      | Found a runed translucent gate.
  8253 | D:9      | Found a runed translucent gate.
  8253 | D:9      | Found a runed translucent gate.
  8574 | D:9      | Noticed bronco's ghost (journeyman MiHu)
  8628 | D:9      | Killed bronco's ghost
  8629 | D:9      | Reached skill level 17 in Polearms
  8838 | D:10     | Entered Level 10 of the Dungeon
  8839 | D:10     | Noticed Sonja
  8841 | D:10     | Noticed Erolcha
  8853 | D:10     | Killed Sonja
  8919 | D:10     | Killed Erolcha
  8920 | D:10     | Reached skill level 18 in Polearms
  8941 | D:10     | Noticed a two-headed ogre
  8950 | D:10     | Noticed a two-headed ogre
  8955 | D:10     | Killed a two-headed ogre
  8961 | D:10     | Killed a two-headed ogre
  9114 | D:10     | Reached skill level 19 in Polearms
  9161 | D:10     | Reached ***** piety under Trog
  9185 | D:10     | Reached XP level 12. HP: 88/88 MP: 12/12
  9196 | D:10     | Found a staircase to the Lair.
  9637 | D:11     | Found a stormy altar of Qazlal.
  9726 | D:11     | Reached skill level 1 in Evocations
  9797 | D:11     | Found a transporter.
  9798 | D:11     | Noticed a two-headed ogre
  9799 | D:11     | Noticed porpoise's ghost (journeyman BaGl)
  9799 | D:11     | Noticed a two-headed ogre
  9800 | D:11     | Noticed a two-headed ogre
  9800 | D:11     | Noticed a two-headed ogre
  9801 | D:11     | Noticed a two-headed ogre
  9803 | D:11     | Found a transporter.
 10283 | D:11     | Reached skill level 20 in Polearms
 10438 | D:11     | Killed a two-headed ogre
 10439 | D:11     | Killed a two-headed ogre
 10440 | D:11     | Killed a two-headed ogre
 10441 | D:11     | Killed a two-headed ogre
 10445 | D:11     | Killed a two-headed ogre
 10452 | D:11     | Killed porpoise's ghost
 10789 | D:12     | Reached skill level 5 in Evocations
 10826 | D:12     | Noticed Psyche
 10829 | D:12     | Noticed Josephine
 10839 | D:12     | Reached XP level 13. HP: 99/99 MP: 13/13
 10853 | D:12     | Killed Josephine
 10861 | D:12     | Killed Psyche
 10896 | D:12     | Reached skill level 21 in Polearms
 11252 | D:12     | Found a staircase to the Orcish Mines.
 11536 | Lair:1   | Entered Level 1 of the Lair of Beasts
 11771 | Lair:1   | Noticed Gastronok
 11783 | Lair:1   | Killed Gastronok
 12697 | Lair:2   | Reached skill level 10 in Fighting
 12802 | Lair:2   | Identified the ring of Kuej {Ice Str+3 Int+3 Dex-4}
 12845 | Lair:2   | Identified the +1 rapier "Qideiq" {protect, rElec Will++
                  | SInv}
 13108 | Lair:2   | Identified the +2 pair of boots "Nusm" {SInv Stlth+}
 13397 | Lair:3   | You fall into a shaft and drop 2 floors!
 13397 | Lair:5   | Entered Level 5 of the Lair of Beasts
 13406 | Lair:5   | Found a staircase to the Slime Pits.
 13407 | Lair:5   | Found a viscous altar of Jiyva.
 13612 | Lair:5   | Received a gift from Trog
 13690 | Lair:5   | Reached skill level 22 in Polearms
 13803 | Lair:5   | Reached XP level 14. HP: 113/113 MP: 14/14
 14140 | Lair:4   | Identified the +0 flail of the Grave {speed, Fly}
 14295 | Lair:4   | Found a radiant altar of Vehumet.
 14445 | Lair:3   | Found a staircase to the Shoals.
 14612 | Lair:3   | Found a hole to the Spider Nest.
 15878 | Lair:5   | Reached skill level 23 in Polearms
 16150 | Lair:5   | Found a snail-covered altar of Cheibriados.
 16692 | Lair:5   | Reached XP level 15. HP: 114/120 MP: 15/15
 16734 | Lair:5   | Found a burning altar of Makhleb.
 16741 | Lair:5   | Found a gateway to Hell.
 16951 | D:13     | Received a gift from Trog
 17165 | D:13     | Identified a scroll of acquirement
 17165 | D:13     | Acquired a manual of Dodging
 17612 | D:14     | Reached skill level 10 in Dodging
 17961 | D:14     | Found a radiant altar of Vehumet.
 18004 | D:14     | Reached skill level 24 in Polearms
 18908 | D:14     | Found a gate to the Vaults.
 18924 | D:14     | Identified the +7 dagger of Entrepreneurial Spirit {heavy,
                  | rC+ Str+2} (Trog gifted it to you on level 14 of the
                  | Dungeon)
 18924 | D:14     | Received a gift from Trog
 19298 | D:15     | Entered Level 15 of the Dungeon
 19522 | D:15     | Noticed Kirke
 19533 | D:15     | Killed Kirke
 19561 | D:15     | Found a staircase to the Depths.
 19723 | D:15     | Paralysed by an orc sorcerer for 2 turns
 19795 | D:15     | Received a gift from Trog
 19796 | D:15     | Reached XP level 16. HP: 131/131 MP: 16/16
 21056 | Orc:1    | Entered Level 1 of the Orcish Mines
 21056 | Orc:1    | Found Geeteali's Book Shoppe.
 21093 | Orc:1    | Found a frozen archway.
 21144 | IceCv    | Entered an ice cave
 21417 | IceCv    | Reached ****** piety under Trog
 21470 | IceCv    | Found an ancient bone altar of Kikubaaqudgha.
 21515 | IceCv    | Reached skill level 15 in Dodging
 21813 | IceCv    | Received a gift from Trog
 21856 | IceCv    | Identified the ring "Eqegeckosu" {rElec rN+ Int+4 Dex+4}
 22138 | Orc:1    | Found a shimmering blue altar of Sif Muna.
 22234 | Orc:2    | Entered Level 2 of the Orcish Mines
 22238 | Orc:2    | Found Kuluxeipru's General Store.
 22793 | Orc:2    | Found a staircase to the Elven Halls.
 23119 | Orc:2    | Found Fituran's Antique Weapon Shop.
 23189 | Orc:2    | Found Erafale's Antique Armour Shop.
 23203 | Orc:2    | Received a gift from Trog
 23252 | Orc:2    | Found Beukah's Book Emporium.
 23999 | Orc:2    | Bought a polished helmet for 342 gold pieces
 23999 | Orc:2    | Identified the +0 helmet of the Noxious God {rF+ Slay+3}
                  | (You bought it in a shop on level 2 of the Orcish Mines)
 24179 | Spider:1 | Entered Level 1 of the Spider Nest
 24341 | Spider:1 | Reached skill level 10 in Throwing
 24673 | Spider:1 | Received a gift from Trog
 26486 | Spider:3 | Reached skill level 15 in Fighting
 26490 | Spider:3 | Reached XP level 17. HP: 142/142 MP: 17/17
 26495 | Spider:3 | Reached skill level 1 in Stealth
 26710 | Spider:3 | Received a gift from Trog
 27674 | Spider:4 | Entered Level 4 of the Spider Nest
 28281 | Spider:4 | Received a gift from Trog
 30030 | Spider:4 | Got a gossamer rune of Zot
 30256 | Shoals:1 | Entered Level 1 of the Shoals
 30261 | Shoals:1 | Received a gift from Trog
 30556 | Shoals:1 | Reached XP level 18. HP: 151/151 MP: 18/18
 30986 | Shoals:1 | Reached skill level 10 in Armour
 31127 | Shoals:1 | Received a gift from Trog
 31646 | Shoals:2 | Reached skill level 15 in Throwing
 32522 | Shoals:2 | Received a gift from Trog
 33845 | Shoals:3 | Received a gift from Trog
 34031 | Shoals:4 | Entered Level 4 of the Shoals
 34056 | Shoals:4 | HP: 4/226 [snapping turtle (15)]
 34059 | Shoals:4 | Hit by a boomerang thrown by a merfolk

Illustrated notes

Levels and vault maps discovered:
D:1:      saegor_arrival_simple_e, layout_rooms,
          shapermc_ecumenical_altar_flowoftime
D:2:      layout_basic, st_stairs_6, chequers_serial_rivers_room_b, minivault_4
D:3:      layout_loops_cross, serial_rivers, chequers_serial_rivers_large_a,
          chequers_serial_rivers_micro_e, chequers_serial_rivers_small_3,
          chequers_serial_rivers_micro_b, chequers_serial_rivers_marsh,
          chequers_serial_rivers_room_b, lightli_sewer_entry_pipes, uniq_jessica
D:4:      layout_layer_cave, minmay_goblin_outpost, uniq_grinder
D:5:      layout_cave_pools, chequers_hall_statues_y, guppyfry_early_lair_pool
D:6:      layout_cave_pods, minmay_temple_entry_proselytizer, uniq_maggie,
          uniq_menkaure
D:7:      layout_cave_pools, mainiacjoe_overflow_boulevard, serial_shops,
          nicolae_stop_n_shop_2, patterned_corridor
D:8:      layout_rooms
D:9:      layout_irregular_city, gammafunk_ghost_icy, uniq_harold
D:10:     layout_rooms, hellmonk_lair_entry_icy, bh_hangedman_babel_library,
          uniq_erolcha, uniq_sonja
D:11:     layout_basic, gammafunk_ghost_smash, small_chamber_with_monster,
          kennysheep_big_empty_room, nicolae_qazlal_scattered_showers
D:12:     layout_irregular_city, orc_0_dummy, serial_demonic, serial_demonic_g,
          serial_demonic_b, serial_demonic_d, serial_demonic_f, uniq_psyche,
          uniq_josephine
D:13:     layout_rooms, nicolae_elevator_lobby_plus
D:14:     layout_loops_corners, grunt_vaults_entry_tiered,
          infiniplex_staircase_pool_1, vehumet_crystals
D:15:     gammafunk_depths_entry_grave, layout_rooms, uniq_kirke
Lair:1:   layout_loops_ring, uniq_gastronok
Lair:2:   layout_gridlike, lemuel_fruit_fields
Lair:3:   layout_chaotic_city, shoals_dummy_entry,
          nicolae_spider_entry_orb_guardian, cheibrodos_lair_lostbears,
          lemuel_fruit_tree, infiniplex_staircase_pool_2
Lair:4:   minmay_lair_venomous_thicket, layout_gridlike, basic_altar
Lair:5:   evil_forest, layout_hall_layers, slime_entry_1, st_stairs_11,
          chequers_serial_rivers_micro_e, minivault_26,
          nicolae_quartered_pool_little, grunt_forest_small_clearings,
          kennysheep_snail_temple
Shoals:1: layout_shoals, nicolae_shoals_spectral_cove
Shoals:2: layout_shoals, st_sunken_temple
Shoals:3: layout_shoals
Shoals:4: shoals_end_grunt_garden, layout_shoals, nicolae_shoals_goliath_grotto
Spider:1: layout_spider_delve
Spider:2: layout_spider_delve
Spider:3: layout_spider_delve
Spider:4: grunt_spider_rune_circles
Orc:1:    layout_diamond_mine, portal_ice_cave_entry_imps, serial_shops, shop,
          basic_altar, led_sif_book
Orc:2:    grunt_orc_gardens, layout_caves, grunt_orc_garden, grunt_orc_garden,
          grunt_orc_garden, grunt_orc_garden

Skill      XL: |  1  2  3  4  5  6  7  8  9 10 11 12 13 14 15 16 17 18 |
---------------+-------------------------------------------------------+-----
Dodging        | 3 4 5 6 8 14 16 | 16.0
Polearms       | 5 7 9 11 13 15 19 20 22 23 24 | 24.0
Fighting       | 4 5 6 8 11 12 13 15 16 | 16.0
Throwing       | 3 5 6 8 11 14 16 | 16.0
Armour         | 3 4 5 6 7 8 9 11 | 11.1
Evocations     | 5 6 |  6.0
Stealth        | 3 |  3.0

Action                   |  1- 3 |  4- 6 |  7- 9 | 10-12 | 13-15 | 16-18 || total
-------------------------+-------+-------+-------+-------+-------+-------++-------
Melee: Spear             |   167 |   259 |    65 |       |       |       ||   491
       Punch             |     2 |     3 |       |       |       |       ||     5
       Tailslap          |       |    15 |     3 |       |     2 |    20 ||    40
       Trident           |       |       |   148 |       |    26 |       ||   174
       Halberd           |       |       |   140 |   389 |    74 |       ||   603
       Bardiche          |       |       |       |   176 |   905 |   983 ||  2064
       Glaive            |       |       |       |       |    18 |       ||    18
Throw: Stone             |       |       |     5 |       |       |       ||     5
       Dart              |       |       |     1 |    27 |    38 |   198 ||   264
       Javelin           |       |       |       |     1 |       |       ||     1
       Boomerang         |       |       |       |       |       |    18 ||    18
Invok: Berserk           |     2 |     2 |     4 |     9 |    12 |     8 ||    37
       Trog's Hand       |       |     1 |     4 |     7 |     9 |     4 ||    25
       Brothers in Arms  |       |       |       |     2 |       |     2 ||     4
Evoke: Tin of tremorston |       |       |       |     2 |       |       ||     2
       Condenser vane    |       |       |       |     1 |     1 |     1 ||     3
       Wand              |       |       |       |     1 |     7 |    43 ||    51
  Use: Scroll            |       |     3 |     8 |     2 |    20 |    10 ||    43
       Potion            |       |       |     1 |       |       |       ||     1
 Stab: Sleeping          |       |       |     1 |       |    12 |       ||    13
       Paralysed         |       |       |       |       |     2 |       ||     2
       Distracted        |       |       |       |       |     1 |       ||     1
Armor: Animal skin       |     2 |       |       |       |       |       ||     2
       Ring mail         |    38 |    56 |    25 |   212 |   544 |    92 ||   967
       Leather armour    |     1 |       |       |       |       |       ||     1
       Chain mail        |       |       |   126 |       |       |       ||   126
       Skin              |       |       |       |     2 |       |       ||     2
       Plate armour      |       |       |       |       |       |   634 ||   634
Dodge: Dodged            |    86 |   107 |   171 |   293 |   520 |   836 ||  2013
       Repelled          |       |       |     3 |       |       |       ||     3

Table legend: (Time is in decaauts)
 A = Elapsed time spent in this place.
 B = Non-inter-level travel time spent in this place.
 C = Inter-level travel time spent in this place.
 D = Time resting spent in this place.
 E = Time spent auto-exploring this place.
 F = Levels seen in this place.
 G = Mean time per level.
                   A        B        C        D        E       F      G
               +--------+--------+--------+--------+--------+-----+--------+
         Total |  33171 |  30333 |   2838 |   4698 |  19200 |  32 | 1036.6 |
       Dungeon |  14863 |  13550 |   1313 |   1676 |   8963 |  15 |  990.9 |
          Lair |   5499 |   4923 |    576 |    339 |   3393 |   5 | 1099.8 |
        Shoals |   3250 |   3160 |     90 |    649 |   1902 |   4 |  812.5 |
   Spider Nest |   6043 |   5428 |    615 |   1314 |   3224 |   4 | 1510.8 |
  Orcish Mines |   2228 |   1986 |    242 |    359 |   1213 |   2 | 1114.0 |
         Sewer |    522 |    522 |      0 |    149 |    183 |   1 |  522.0 |
      Ice Cave |    764 |    764 |      0 |    211 |    320 |   1 |  764.0 |
               +--------+--------+--------+--------+--------+-----+--------+

Top non-repeatable levels by time:
Spider:3: 2072 daAuts
    D:14: 1967 daAuts
Spider:1: 1936 daAuts
  Lair:5: 1641 daAuts
Spider:4: 1501 daAuts
     D:9: 1478 daAuts
Shoals:2: 1236 daAuts
Shoals:1: 1227 daAuts
     D:4: 1206 daAuts
     D:6: 1162 daAuts
    D:11: 1156 daAuts
   Orc:1: 1145 daAuts
   Orc:2: 1082 daAuts
  Lair:4: 1080 daAuts
    D:12: 1046 daAuts
